 Dungeon Crawl Stone Soup version 0.22.0-21-g8bd1b0a76a (webtiles) character file.

14 Acheron the Skirmisher (level 2, 0/27 HPs)
             Began as a Hill Orc Abyssal Knight on Aug 20, 2018.
             Was a Follower of Lugonu.
             Succumbed to a kobold's poison
             ... on level 2 of the Dungeon.
             The game lasted 00:04:32 (726 turns).

Acheron the Skirmisher (Hill Orc Abyssal Knight)     Turns: 726, Time: 00:04:33

Health: 0/27       AC:  3    Str: 14    XL:     2   Next: 45%
Magic:  4/4        EV: 11    Int: 12    God:    Lugonu [*.....]
Gold:   103        SH:  0    Dex: 10    Spells: 1/1 levels left

rFire    . . .     SeeInvis .   a - +1 hand axe
rCold    . . .     Gourm    .   (no shield)
rNeg     . . .     Faith    .   b - +0 leather armour
rPois    .         Spirit   .   (no helmet)
rElec    .         Reflect  .   (no cloak)
rCorr    .         Harm     .   (no gloves)
MR       .....                  (no boots)
Stlth    +.........             (no amulet)
HPRegen  0.09/turn              (no ring)
MPRegen  0.09/turn              (no ring)

@: lethally poisoned (0 -> -9)
A: no striking features
a: Depart the Abyss, Renounce Religion


You were on level 2 of the Dungeon.
You worshipped Lugonu.
Lugonu was aware of your devotion.
You were not hungry.

You visited 1 branch of the dungeon, and saw 3 of its levels.
You visited the Abyss 1 time.

You collected 103 gold pieces.

Inventory:

Hand Weapons
 a - a +1 hand axe (weapon)
 j - a +2 whip of venom
   (You took it off a kobold on level 2 of the Dungeon)
Missiles
 c - 30 stones
 d - 12 sling bullets
 h - 6 javelins of returning (quivered)
Armour
 b - a +0 leather armour (worn)
Scrolls
 g - 2 scrolls of teleportation {@r4}
 i - a scroll of blinking {unknown}
Comestibles
 e - a ration {!d}
 f - a chunk of flesh


   Skills:
 * Level 3.8 Fighting
 + Level 2.8 Axes
 + Level 2.3 Armour
 * Level 1.1 Dodging
 * Level 0.5 Stealth
 * Level 2.7 Invocations


You had one spell level left.
You didn't know any spells.
Your spell library was empty.

Dungeon Overview and Level Annotations

Branches:
Dungeon (3/15)

Altars:


Message History

You hit the kobold.
You feel sick. The kobold completely misses you.
A rat comes into view.
You barely miss the kobold.
You feel sick.
The kobold hits you with a whip of venom.
You are lethally poisoned!
You barely miss the kobold.
* * * LOW HITPOINT WARNING * * *
You feel sick. The kobold barely misses you.
You hit the kobold.
You kill the kobold!
Lugonu accepts your kill.
* * * LOW HITPOINT WARNING * * *
You feel sick.
* * * LOW HITPOINT WARNING * * *
You feel sick.
Found a ring mail.
Items here: $ ) ? † a whip of venom; 2 scrolls labeled JAXIWNUCEEDGH; 12 gold pieces a kobold corpse
j - a whip of venom
g - 3 scrolls labeled JAXIWNUCEEDGH (gained 2)
You now have 103 gold pieces (gained 12).
* * * LOW HITPOINT WARNING * * *
You feel sick.
You slash the rat!
You kill the rat!
Lugonu accepts your kill.
You can now depart the Abyss.
* * * LOW HITPOINT WARNING * * *
You feel sick.
You aren't carrying any potions.
* * * LOW HITPOINT WARNING * * *
You feel sick.
There is a stone staircase leading down here.
As you read the scroll labeled JAXIWNUCEEDGH, it crumbles to dust.
You feel strangely unstable.
It was a scroll of teleportation.
* * * LOW HITPOINT WARNING * * *
You feel sick.
* * * LOW HITPOINT WARNING * * *
You feel sick.
You see here a kobold corpse.
There is a lethal amount of poison in your body!
Your surroundings suddenly seem different.
* * * LOW HITPOINT WARNING * * *
You feel sick.
* * * LOW HITPOINT WARNING * * *
You feel sick.
You aren't carrying any potions.
* * * LOW HITPOINT WARNING * * *
You feel sick.
You die...

#..## #.# #...#
#.# #<..# #.#
#...# #.# #...#
#.# #...###.#
#.....^.#
#..#############
#.......@......#
#.############.###
#.#.........#....#
#.#.#######.#...##
#.#.#.......#...#
#.#.#.#######...#
#.#.#...........#
#.#..#######..#
#.#........#..#


There were no monsters in sight!

Vanquished Creatures
  A bat (D:3)
  3 hobgoblins
  A ball python (D:1)
  3 goblins
  3 kobolds
  2 rats
13 creatures vanquished.

Notes
Turn   | Place    | Note
-------+----------+-------------------------------------------
     0 | Abyss:1  | Acheron the Hill Orc Abyssal Knight began the quest for the Orb.
     0 | Abyss:1  | Reached XP level 1. HP: 19/19 MP: 2/2
     5 | Abyss:1  | Found a corrupted altar of Lugonu.
    38 | Abyss:1  | Noticed a large abomination
    44 | Abyss:1  | Noticed an eye of draining
    61 | Abyss:1  | Noticed an Executioner
    63 | D:1      | Escaped the Abyss
   518 | D:2      | Reached skill level 1 in Dodging
   518 | D:2      | Reached XP level 2. HP: 25/27 MP: 3/3
   719 | D:2      | Reached * piety under Lugonu
   725 | D:2      | HP: 1/27 [poisoned by a kobold]
   726 | D:2      | Succumbed to a kobold's poison

Skill      XL: |  1 |
---------------+----+-----
Dodging        | 1 |  1.1
Fighting       | |  3.8
Axes           | |  2.8
Armour         | |  2.3
Stealth        | |  0.5
Invocations    | |  2.7

Action                   || total
-------------------------++-------
Melee: Hand axe          ||    38
Invok: Depart the Abyss  ||     1
  Use: Scroll            ||     1
Armor: Leather armour    ||    16
Dodge: Dodged            ||    16
